[ AOE2 MATCH · #478097992 ]
UnrankedJapanese vs Goths
[ REPLAY ANALYSIS · EXTRACTED FROM THE RECORDED GAME ]
Feudal
12:08
Castle
18:14
Imperial
34:54
| APM avg | 24.5 |
| APM peak | 130 |
| eAPM avg | 14.3 |
| Villagers / military | 88 / 75 |
Focus
⚔️ 25.6% · 🌾 74.4%
Samurai ×36 · Skirmisher ×35 · Trade Cart ×5 · Trebuchet (Packed) ×2 · Mangonel ×1 · Battering Ram ×1
Feudal
10:32
Castle
15:18
Imperial
31:58
| APM avg | 18.0 |
| APM peak | 49 |
| eAPM avg | 11.8 |
| Villagers / military | 108 / 130 |
Focus
⚔️ 22.1% · 🌾 77.9%
Skirmisher ×60 · War Elephant ×60 · Bombard Cannon ×8 · Monk ×1 · Trebuchet (Packed) ×1
Feudal
13:12
Castle
17:00
Imperial
33:02
| APM avg | 31.5 |
| APM peak | 92 |
| eAPM avg | 21.8 |
| Villagers / military | 144 / 349 |
Focus
⚔️ 27.8% · 🌾 72.2%
Huskarl ×183 · Spearman ×145 · Trade Cart ×40 · Bombard Cannon ×16 · Mangonel ×2 · Monk ×1
Feudal
14:10
Castle
17:53
Imperial
34:54
| APM avg | 26.2 |
| APM peak | 67 |
| eAPM avg | 14.5 |
| Villagers / military | 138 / 127 |
Focus
⚔️ 21.5% · 🌾 78.5%
Elephant Archer ×106 · Skirmisher ×20 · Archer ×1
Feudal
11:46
Castle
17:18
Imperial
33:49
| APM avg | 15.3 |
| APM peak | 34 |
| eAPM avg | 10.5 |
| Villagers / military | 143 / 108 |
Focus
⚔️ 24.1% · 🌾 75.9%
Mangudai ×88 · Battering Ram ×20
Feudal
10:53
Castle
14:48
Imperial
28:16
| APM avg | 25.7 |
| APM peak | 70 |
| eAPM avg | 17.0 |
| Villagers / military | 128 / 175 |
Focus
⚔️ 32.9% · 🌾 67.1%
Scout Cavalry ×105 · Scorpion ×60 · Ballista Elephant ×6 · Trebuchet (Packed) ×4
Feudal
15:45
Castle
19:50
Imperial
32:15
| APM avg | 29.7 |
| APM peak | 96 |
| eAPM avg | 21.6 |
| Villagers / military | 135 / 136 |
Focus
⚔️ 27.4% · 🌾 72.6%
Knight ×115 · Teutonic Knight ×14 · Monk ×2 · Spearman ×2 · Trebuchet (Packed) ×2 · Mangonel ×1
Feudal
—
Castle
—
Imperial
—
| APM avg | 16.2 |
| APM peak | 40 |
| eAPM avg | 14.0 |
| Villagers / military | 129 / 359 |
Focus
⚔️ 28.9% · 🌾 71.1%
Spearman ×257 · Hand Cannoneer ×55 · Bombard Cannon ×31 · Trade Cart ×18 · Militia ×16
Match map
Initial resources + every placement click. Lines = walls · curves = elevation contours. ◆ gold · ⬟ stone · ● berries · ✦ relic · ◌ wall gap
Your base· ✓ Closed at 18:14 · 55t walls · 1 gate(s) · fragile
Hans Landa's base· ✓ Closed at 15:18 · 1t walls · fragile
SPQR_Jack's base· ✓ Closed at 17:00 · 0t walls · no gate
MonkFranciscus's base· ✓ Closed at 17:53 · 1t walls · fragile
SPQR_Dino's base· ✓ Closed at 17:18 · 45t walls · no gate
Roa_3's base· ✓ Closed at 14:48 · 0t walls · fragile
Alt22's base· ✓ Closed at 19:50 · 20t walls · 3 gate(s)
Thehoff386's base· ✓ Closed at 14:33 · 0t walls · no gate
Smoothed initial terrain · ◌ = detected wall gap · hover for details
Inputs per minute
— ELDIOSCHICHOLIN - - Hans Landa
Build order — ELDIOSCHICHOLIN
First 150 of 219 actions detected
| 0:02 | Research | Loom |
| 0:02 | Create | Villager (Male) |
| 0:02 | Create | Villager (Male) |
| 0:02 | Create | Villager (Male) |
| 0:03 | Create | Villager (Male) |
| 0:06 | Build | House |
| 0:12 | Build | House |
| 0:31 | Build | Palisade Wall |
| 1:52 | Build | Palisade Gate |
| 1:59 | Build | Palisade Wall |
| 2:02 | Create | Villager (Male) |
| 2:13 | Build | Palisade Wall |
| 2:21 | Build | Palisade Wall |
| 3:22 | Create | Villager (Male) |
| 3:22 | Create | Villager (Male) |
| 4:04 | Create | Villager (Male) |
| 4:35 | Build | House |
| 4:42 | Create | Villager (Male) |
| 4:42 | Create | Villager (Male) |
| 5:21 | Create | Villager (Male) |
| 5:31 | Build | Lumber Camp |
| 5:41 | Create | Villager (Male) |
| 6:05 | Create | Villager (Male) |
| 6:43 | Create | Villager (Male) |
| 6:44 | Create | Villager (Male) |
| 6:44 | Create | Villager (Male) |
| 7:14 | Create | Villager (Male) |
| 7:40 | Build | House |
| 8:05 | Build | Mill |
| 8:34 | Create | Villager (Male) |
| 9:58 | Research | Feudal Age |
| 9:58 | Research | Feudal Age |
| 10:43 | Build | House |
| 10:45 | Build | House |
| 11:30 | Build | Mill |
| 11:58 | Build | Barracks |
| 12:06 | Create | Villager (Male) |
| 12:06 | Create | Villager (Male) |
| 12:06 | Create | Villager (Male) |
| 12:08 | Age | Feudal Age |
| 12:11 | Research | Double-Bit Axe |
| 12:25 | Build | Stone Wall |
| 13:00 | Build | Blacksmith |
| 13:12 | Build | Mining Camp |
| 13:30 | Build | Gate |
| 13:36 | Build | Stone Wall |
| 13:43 | Build | Stone Wall |
| 13:49 | Create | Villager (Male) |
| 13:49 | Create | Villager (Male) |
| 13:53 | Build | Farm |
| 13:55 | Create | Villager (Male) |
| 13:55 | Create | Villager (Male) |
| 14:19 | Build | Market |
| 15:34 | Research | Castle Age |
| 15:37 | Build | Lumber Camp |
| 15:45 | Build | Mining Camp |
| 15:51 | Research | Gold Mining |
| 17:01 | Research | Horse Collar |
| 17:30 | Research | Stone Mining |
| 17:37 | Research | Man-at-Arms (upgrade) |
| 17:45 | Build | Barracks |
| 18:14 | Age | Castle Age |
| 18:16 | Build | Town Center |
| 18:21 | Research | Long Swordsman (upgrade) |
| 18:33 | Research | Squires |
| 18:43 | Research | Scale Mail Armor |
| 18:46 | Create | Villager (Male) |
| 19:00 | Build | Farm |
| 19:18 | Build | Farm |
| 19:20 | Create | Villager (Male) |
| 19:33 | Create | Villager (Male) |
| 19:34 | Create | Villager (Male) |
| 19:48 | Build | Farm |
| 19:49 | Build | Farm |
| 19:49 | Build | Farm |
| 19:49 | Build | Farm |
| 19:52 | Build | Farm |
| 19:58 | Create | Villager (Male) |
| 19:58 | Create | Villager (Male) |
| 20:20 | Build | Siege Workshop |
| 20:27 | Create | Villager (Male) |
| 20:29 | Create | Villager (Male) |
| 20:51 | Create | Villager (Male) |
| 21:06 | Create | Villager (Male) |
| 21:28 | Create | Battering Ram |
| 21:31 | Create | Villager (Male) |
| 21:39 | Build | Farm |
| 21:39 | Build | Farm |
| 21:40 | Build | Farm |
| 21:42 | Create | Villager (Male) |
| 21:48 | Build | House |
| 21:51 | Build | House |
| 22:05 | Create | Villager (Male) |
| 22:59 | Build | Outpost |
| 23:07 | Build | Farm |
| 23:08 | Build | Farm |
| 23:10 | Create | Villager (Male) |
| 23:11 | Create | Villager (Male) |
| 23:14 | Research | Wheelbarrow |
| 23:33 | Build | Castle |
| 23:45 | Create | Villager (Male) ×2 |
| 23:51 | Build | Farm |
| 24:06 | Build | University |
| 24:29 | Create | Mangonel |
| 24:41 | Research | Gold Shaft Mining |
| 24:57 | Research | Bow Saw |
| 25:26 | Research | Town Watch |
| 25:29 | Create | Villager (Male) |
| 25:33 | Build | Farm |
| 25:33 | Build | Farm |
| 25:34 | Build | Farm |
| 25:34 | Build | Farm |
| 25:35 | Build | Farm |
| 25:44 | Create | Villager (Male) |
| 25:45 | Create | Villager (Male) |
| 26:00 | Create | Villager (Male) |
| 26:01 | Create | Villager (Male) |
| 26:09 | Build | Town Center |
| 26:24 | Create | Villager (Male) |
| 26:50 | Create | Villager (Male) |
| 26:52 | Create | Villager (Male) |
| 26:53 | Create | Villager (Male) |
| 26:53 | Create | Villager (Male) |
| 27:04 | Build | Farm |
| 27:04 | Build | Farm |
| 27:04 | Build | Farm |
| 27:16 | Create | Villager (Male) |
| 27:17 | Create | Villager (Male) |
| 27:18 | Create | Villager (Male) |
| 27:22 | Create | Villager (Male) |
| 27:24 | Create | Villager (Male) |
| 27:40 | Research | Treadmill Crane |
| 27:55 | Create | Villager (Male) |
| 27:58 | Build | Farm |
| 28:01 | Create | Villager (Male) |
| 28:03 | Create | Villager (Male) |
| 28:03 | Create | Villager (Male) |
| 28:13 | Build | Mining Camp |
| 28:33 | Research | Hand Cart |
| 28:52 | Create | Villager (Male) |
| 28:52 | Create | Villager (Male) |
| 28:52 | Create | Villager (Male) |
| 29:35 | Create | Villager (Male) ×5 |
| 29:41 | Build | Farm |
| 29:41 | Build | Farm |
| 29:41 | Build | Farm |
| 30:08 | Research | Fortified Wall (upgrade) |
| 30:17 | Build | Outpost |
| 30:21 | Research | Town Patrol |
| 30:39 | Create | Villager (Male) |
Build order — Hans Landa
First 150 of 318 actions detected
| 0:03 | Build | House |
| 0:05 | Build | House |
| 0:10 | Create | Villager (Male) ×5 |
| 1:47 | Create | Villager (Male) |
| 2:13 | Build | Lumber Camp |
| 2:28 | Create | Villager (Male) |
| 3:10 | Create | Villager (Male) |
| 3:10 | Create | Villager (Male) |
| 3:37 | Build | House |
| 3:54 | Create | Villager (Male) |
| 4:11 | Create | Villager (Male) |
| 4:31 | Create | Villager (Male) |
| 4:47 | Create | Villager (Male) |
| 5:19 | Build | House |
| 5:24 | Create | Villager (Male) |
| 6:05 | Create | Villager (Male) |
| 6:15 | Create | Villager (Male) |
| 6:29 | Create | Villager (Male) |
| 6:59 | Create | Villager (Male) |
| 7:21 | Build | Mill |
| 7:29 | Create | Villager (Male) |
| 7:49 | Build | Mill |
| 7:51 | Create | Villager (Male) |
| 8:00 | Research | Feudal Age |
| 8:22 | Build | Mill |
| 8:38 | Build | Mining Camp |
| 9:11 | Build | House |
| 9:54 | Build | Palisade Wall |
| 10:05 | Create | Villager (Male) |
| 10:05 | Create | Villager (Male) |
| 10:32 | Age | Feudal Age |
| 11:09 | Build | Blacksmith |
| 11:13 | Create | Villager (Male) |
| 11:28 | Create | Villager (Male) |
| 11:47 | Build | Market |
| 11:50 | Create | Villager (Male) |
| 11:53 | Build | House |
| 12:19 | Create | Villager (Male) |
| 12:45 | Build | House |
| 12:48 | Create | Villager (Male) |
| 12:52 | Research | Castle Age |
| 13:07 | Build | Lumber Camp |
| 13:34 | Research | Double-Bit Axe |
| 14:53 | Create | Villager (Male) |
| 15:15 | Create | Villager (Male) |
| 15:16 | Create | Villager (Male) |
| 15:18 | Age | Castle Age |
| 15:26 | Build | Town Center |
| 15:34 | Build | Monastery |
| 15:56 | Research | Horse Collar |
| 16:05 | Build | Mining Camp |
| 16:07 | Create | Villager (Male) |
| 16:21 | Create | Monk |
| 16:33 | Create | Villager (Male) |
| 16:34 | Create | Villager (Male) |
| 16:40 | Research | Stone Mining |
| 16:43 | Research | Heavy Plow |
| 16:51 | Create | Villager (Male) |
| 16:52 | Create | Villager (Male) |
| 17:15 | Create | Villager (Male) |
| 17:20 | Create | Villager (Male) |
| 17:42 | Build | Farm |
| 17:42 | Build | Farm |
| 17:45 | Build | Farm |
| 17:50 | Build | Farm |
| 17:53 | Build | Farm |
| 17:58 | Build | Farm |
| 18:02 | Build | Farm |
| 18:07 | Research | Loom |
| 18:10 | Build | Farm |
| 18:15 | Build | Farm |
| 18:20 | Build | Farm |
| 18:21 | Create | Villager (Male) |
| 18:45 | Create | Villager (Male) |
| 18:55 | Build | Farm |
| 18:55 | Build | Farm |
| 18:56 | Build | Farm |
| 19:01 | Create | Villager (Male) |
| 19:17 | Create | Villager (Male) |
| 19:27 | Build | House |
| 19:30 | Build | House |
| 19:34 | Create | Villager (Male) |
| 19:45 | Create | Villager (Male) |
| 19:52 | Build | House |
| 19:54 | Build | House |
| 20:04 | Create | Villager (Male) |
| 20:10 | Build | Town Center |
| 20:17 | Create | Villager (Male) |
| 20:27 | Build | Farm |
| 20:33 | Create | Villager (Male) |
| 20:58 | Build | Farm |
| 20:59 | Create | Villager (Male) |
| 21:08 | Build | Farm |
| 21:10 | Create | Villager (Male) |
| 21:10 | Create | Villager (Male) |
| 21:14 | Create | Villager (Male) |
| 21:26 | Build | House |
| 21:27 | Build | House |
| 21:27 | Build | House |
| 21:32 | Create | Villager (Male) |
| 21:44 | Build | Castle |
| 21:49 | Create | Villager (Male) |
| 21:52 | Create | Villager (Male) |
| 21:57 | Create | Villager (Male) |
| 21:59 | Build | Farm |
| 22:05 | Create | Villager (Male) |
| 22:22 | Create | Villager (Male) |
| 22:26 | Create | Villager (Male) |
| 22:29 | Create | Villager (Male) |
| 22:31 | Create | Villager (Male) |
| 22:38 | Build | Farm |
| 22:44 | Build | Farm |
| 22:47 | Create | Villager (Male) |
| 22:49 | Create | Villager (Male) |
| 22:49 | Create | Villager (Male) |
| 23:05 | Research | Gold Mining |
| 23:13 | Build | Farm |
| 23:17 | Create | Villager (Male) |
| 23:20 | Create | Villager (Male) |
| 23:26 | Build | House |
| 23:45 | Create | Villager (Male) |
| 23:48 | Create | Villager (Male) |
| 23:48 | Create | Villager (Male) |
| 23:57 | Build | Farm |
| 24:11 | Create | Villager (Male) |
| 24:13 | Create | Villager (Male) |
| 24:25 | Create | Villager (Male) |
| 24:27 | Create | Villager (Male) |
| 24:29 | Create | Villager (Male) |
| 24:30 | Create | Villager (Male) |
| 24:49 | Create | Villager (Male) |
| 24:53 | Build | Barracks |
| 25:06 | Build | Farm |
| 25:06 | Build | Farm |
| 25:13 | Build | Farm |
| 25:16 | Create | Villager (Male) |
| 25:20 | Research | Wheelbarrow |
| 25:23 | Create | Villager (Male) |
| 25:23 | Create | Villager (Male) |
| 25:29 | Build | Farm |
| 25:31 | Create | Villager (Male) |
| 25:43 | Build | Stable |
| 25:56 | Build | Castle |
| 26:02 | Build | Farm |
| 26:02 | Create | Villager (Male) |
| 26:04 | Create | Villager (Male) |
| 26:06 | Build | Farm |
| 26:09 | Create | Villager (Male) |
| 26:13 | Create | Villager (Male) |
| 26:34 | Research | Town Watch |
Build order — SPQR_Jack
First 150 of 457 actions detected
| 0:03 | Build | House |
| 0:05 | Build | House |
| 0:08 | Create | Villager (Male) |
| 0:09 | Create | Villager (Male) |
| 0:09 | Create | Villager (Male) |
| 0:09 | Create | Villager (Male) |
| 0:10 | Research | Loom |
| 0:17 | Create | Villager (Male) |
| 0:17 | Create | Villager (Male) |
| 0:18 | Create | Villager (Male) |
| 1:32 | Create | Villager (Male) |
| 1:54 | Build | Lumber Camp |
| 2:05 | Create | Villager (Male) |
| 2:25 | Create | Villager (Male) |
| 3:04 | Create | Villager (Male) |
| 3:07 | Create | Villager (Male) |
| 3:38 | Create | Villager (Male) |
| 4:02 | Create | Villager (Male) |
| 4:31 | Create | Villager (Male) |
| 4:52 | Build | House |
| 4:59 | Build | House |
| 5:02 | Build | Mill |
| 5:06 | Build | House |
| 5:23 | Create | Villager (Male) |
| 5:23 | Create | Villager (Male) |
| 6:44 | Create | Villager (Male) |
| 6:44 | Create | Villager (Male) |
| 6:45 | Create | Villager (Male) |
| 7:27 | Build | Lumber Camp |
| 7:29 | Create | Villager (Male) |
| 7:33 | Build | House |
| 7:35 | Build | House |
| 7:37 | Create | Villager (Male) |
| 9:15 | Research | Feudal Age |
| 9:18 | Create | Villager (Male) |
| 9:19 | Create | Villager (Male) |
| 9:20 | Create | Villager (Male) |
| 9:23 | Create | Villager (Male) |
| 10:20 | Build | Mining Camp |
| 10:24 | Research | Feudal Age |
| 10:58 | Create | Villager (Male) |
| 10:59 | Create | Villager (Male) |
| 11:55 | Build | Farm |
| 11:56 | Build | Farm |
| 11:57 | Build | Farm |
| 11:58 | Build | Farm |
| 12:01 | Build | Farm |
| 12:02 | Build | Farm |
| 13:12 | Age | Feudal Age |
| 13:27 | Build | Market |
| 13:31 | Build | Blacksmith |
| 14:04 | Create | Villager (Male) |
| 14:20 | Research | Castle Age |
| 14:24 | Research | Double-Bit Axe |
| 14:26 | Research | Horse Collar |
| 17:00 | Age | Castle Age |
| 17:05 | Build | Siege Workshop |
| 17:12 | Build | Town Center |
| 17:32 | Build | Town Center |
| 17:45 | Research | Bow Saw |
| 17:47 | Research | Heavy Plow |
| 17:49 | Create | Villager (Male) |
| 17:49 | Create | Villager (Male) |
| 17:49 | Create | Villager (Male) |
| 17:54 | Create | Villager (Male) |
| 17:54 | Create | Villager (Male) |
| 18:47 | Create | Scorpion |
| 18:49 | Create | Mangonel |
| 19:04 | Create | Villager (Male) |
| 19:05 | Create | Villager (Male) |
| 19:06 | Create | Villager (Male) |
| 19:06 | Create | Villager (Male) |
| 19:35 | Create | Villager (Male) |
| 19:35 | Create | Villager (Male) |
| 19:40 | Create | Mangonel |
| 20:00 | Build | Farm |
| 20:02 | Build | Farm |
| 20:08 | Create | Villager (Male) |
| 20:08 | Create | Villager (Male) |
| 20:18 | Create | Villager (Male) |
| 20:19 | Create | Villager (Male) |
| 20:19 | Create | Villager (Male) |
| 20:40 | Create | Villager (Male) |
| 20:40 | Create | Villager (Male) |
| 20:40 | Create | Villager (Male) |
| 20:49 | Build | House |
| 20:50 | Build | House |
| 20:51 | Build | House |
| 20:56 | Build | Farm |
| 21:03 | Research | Wheelbarrow |
| 21:03 | Research | Town Watch |
| 21:08 | Build | Farm |
| 21:10 | Build | Farm |
| 21:12 | Build | Farm |
| 21:19 | Build | Farm |
| 21:23 | Build | Farm |
| 21:26 | Build | Farm |
| 21:30 | Build | Farm |
| 21:33 | Build | Farm |
| 21:35 | Create | Villager (Male) |
| 21:35 | Create | Villager (Male) |
| 21:37 | Create | Villager (Male) |
| 21:37 | Create | Villager (Male) |
| 21:37 | Create | Villager (Male) |
| 21:49 | Create | Villager (Male) |
| 21:49 | Create | Villager (Male) |
| 22:01 | Build | Barracks |
| 22:04 | Create | Villager (Male) |
| 22:04 | Create | Villager (Male) |
| 22:16 | Build | Outpost |
| 22:19 | Build | Outpost |
| 22:23 | Build | Outpost |
| 22:24 | Build | Outpost |
| 22:27 | Build | Outpost |
| 22:29 | Build | Outpost |
| 22:30 | Create | Villager (Male) |
| 22:31 | Create | Villager (Male) |
| 22:31 | Create | Villager (Male) |
| 22:37 | Build | House |
| 22:38 | Build | House |
| 22:39 | Build | House |
| 22:40 | Create | Villager (Male) |
| 22:40 | Create | Villager (Male) |
| 22:40 | Create | Villager (Male) |
| 22:53 | Build | House |
| 22:54 | Build | House |
| 22:56 | Build | House |
| 22:58 | Build | House |
| 22:59 | Build | House |
| 23:00 | Create | Villager (Male) |
| 23:10 | Research | Gold Mining |
| 23:17 | Build | Farm |
| 23:21 | Research | Stone Mining |
| 23:24 | Build | Farm |
| 23:27 | Build | Farm |
| 23:33 | Build | Farm |
| 23:34 | Create | Villager (Male) |
| 23:34 | Create | Villager (Male) |
| 23:43 | Build | Farm |
| 23:48 | Create | Villager (Male) |
| 23:48 | Create | Villager (Male) |
| 23:52 | Build | Farm |
| 24:04 | Build | Monastery |
| 24:09 | Create | Villager (Male) |
| 24:09 | Create | Villager (Male) |
| 24:09 | Create | Villager (Male) |
| 24:15 | Build | Farm |
| 24:23 | Build | Barracks |
| 24:26 | Create | Villager (Male) |
| 24:27 | Create | Villager (Male) |
Build order — MonkFranciscus
First 150 of 353 actions detected
| 0:01 | Create | Villager (Male) |
| 0:02 | Create | Villager (Male) |
| 0:02 | Create | Villager (Male) |
| 0:02 | Create | Villager (Male) |
| 0:03 | Build | House |
| 0:05 | Build | House |
| 1:56 | Build | Lumber Camp |
| 1:58 | Create | Villager (Male) |
| 1:58 | Create | Villager (Male) |
| 2:00 | Create | Villager (Male) |
| 2:00 | Create | Villager (Male) |
| 2:49 | Create | Villager (Male) |
| 2:49 | Create | Villager (Male) |
| 3:48 | Create | Villager (Male) |
| 4:21 | Build | Mill |
| 4:22 | Create | Villager (Male) |
| 4:22 | Create | Villager (Male) |
| 4:22 | Create | Villager (Male) |
| 4:52 | Build | House |
| 5:36 | Create | Villager (Male) |
| 5:41 | Create | Villager (Male) |
| 6:17 | Research | Loom |
| 6:17 | Research | Loom |
| 6:20 | Build | House |
| 6:30 | Build | House |
| 6:37 | Build | Palisade Wall |
| 6:56 | Create | Villager (Male) |
| 6:57 | Create | Villager (Male) |
| 6:57 | Create | Villager (Male) |
| 7:52 | Create | Villager (Male) |
| 7:55 | Create | Villager (Male) |
| 8:38 | Build | House |
| 9:27 | Create | Villager (Male) |
| 11:05 | Create | Villager (Male) |
| 11:06 | Create | Villager (Male) |
| 11:06 | Create | Villager (Male) |
| 11:08 | Create | Villager (Male) |
| 11:35 | Build | Mining Camp |
| 12:00 | Research | Feudal Age |
| 12:12 | Build | House |
| 14:10 | Age | Feudal Age |
| 14:13 | Build | Market |
| 14:16 | Build | Blacksmith |
| 14:30 | Build | Farm |
| 14:32 | Build | Farm |
| 14:34 | Create | Villager (Male) |
| 15:13 | Research | Castle Age |
| 15:13 | Research | Castle Age |
| 15:54 | Research | Double-Bit Axe |
| 16:56 | Build | Farm |
| 16:57 | Build | Farm |
| 16:59 | Build | Farm |
| 17:00 | Build | Farm |
| 17:04 | Build | Farm |
| 17:53 | Age | Castle Age |
| 17:57 | Build | Town Center |
| 18:03 | Build | House |
| 18:12 | Research | Bow Saw |
| 18:12 | Research | Bow Saw |
| 18:22 | Build | Town Center |
| 18:26 | Create | Villager (Male) |
| 18:47 | Create | Villager (Male) |
| 19:01 | Build | Farm |
| 19:05 | Build | Farm |
| 19:08 | Build | Farm |
| 19:15 | Create | Villager (Male) |
| 19:18 | Create | Villager (Male) |
| 19:35 | Build | Farm |
| 19:37 | Build | Farm |
| 19:44 | Build | Farm |
| 19:48 | Build | Farm |
| 19:49 | Create | Villager (Male) |
| 19:49 | Create | Villager (Male) |
| 20:01 | Create | Villager (Male) |
| 20:06 | Create | Villager (Male) |
| 20:16 | Create | Villager (Male) |
| 20:18 | Build | Farm |
| 20:20 | Create | Villager (Male) |
| 20:21 | Create | Villager (Male) |
| 20:27 | Create | Villager (Male) |
| 20:28 | Create | Villager (Male) |
| 20:28 | Create | Villager (Male) |
| 20:38 | Create | Villager (Male) |
| 20:43 | Create | Villager (Male) |
| 20:48 | Build | House |
| 20:48 | Create | Villager (Male) |
| 21:07 | Build | House |
| 21:23 | Build | Farm |
| 21:34 | Create | Villager (Male) |
| 21:48 | Build | Farm |
| 21:53 | Create | Villager (Male) |
| 22:01 | Build | Barracks |
| 22:02 | Create | Villager (Male) |
| 22:02 | Create | Villager (Male) |
| 22:07 | Build | Farm |
| 22:10 | Build | Farm |
| 22:11 | Create | Villager (Male) |
| 22:12 | Create | Villager (Male) |
| 22:26 | Build | Town Center |
| 22:29 | Create | Villager (Male) |
| 22:29 | Create | Villager (Male) |
| 22:33 | Build | Farm |
| 22:35 | Create | Villager (Male) |
| 22:41 | Create | Villager (Male) |
| 22:42 | Create | Villager (Male) |
| 22:43 | Create | Villager (Male) |
| 22:43 | Create | Villager (Male) |
| 22:46 | Create | Villager (Male) |
| 22:47 | Create | Villager (Male) |
| 22:53 | Create | Villager (Male) |
| 22:54 | Create | Villager (Male) |
| 22:57 | Build | House |
| 22:58 | Build | House |
| 23:00 | Build | House |
| 23:01 | Create | Villager (Male) |
| 23:01 | Create | Villager (Male) |
| 23:05 | Build | Farm |
| 23:10 | Build | House |
| 23:11 | Build | House |
| 23:12 | Build | House |
| 23:13 | Create | Villager (Male) |
| 23:19 | Build | Farm |
| 23:25 | Build | Farm |
| 23:38 | Create | Villager (Male) |
| 23:39 | Create | Villager (Male) |
| 23:42 | Build | Farm |
| 23:43 | Research | Forging |
| 23:44 | Create | Villager (Male) |
| 23:44 | Create | Villager (Male) |
| 23:51 | Create | Villager (Male) |
| 24:06 | Build | Archery Range |
| 24:08 | Build | Archery Range |
| 24:09 | Build | Archery Range |
| 24:10 | Build | Archery Range |
| 24:11 | Create | Villager (Male) |
| 24:14 | Build | Farm |
| 24:17 | Build | Farm |
| 24:19 | Create | Villager (Male) |
| 24:20 | Create | Villager (Male) |
| 24:28 | Create | Villager (Male) |
| 24:29 | Create | Villager (Male) |
| 24:32 | Create | Villager (Male) |
| 24:38 | Create | Villager (Male) |
| 24:40 | Create | Villager (Male) |
| 24:50 | Build | Farm |
| 24:51 | Create | Villager (Male) |
| 24:59 | Create | Villager (Male) |
| 25:03 | Create | Villager (Male) |
| 25:03 | Create | Villager (Male) |
| 25:03 | Create | Villager (Male) |
Build order — SPQR_Dino
First 150 of 246 actions detected
| 0:01 | Research | Loom |
| 0:03 | Build | House |
| 0:05 | Build | House |
| 0:28 | Create | Villager (Male) |
| 0:28 | Create | Villager (Male) |
| 0:28 | Create | Villager (Male) |
| 0:29 | Create | Villager (Male) |
| 0:48 | Build | Palisade Wall |
| 1:01 | Build | Palisade Wall |
| 2:11 | Create | Villager (Male) |
| 2:35 | Build | Palisade Wall |
| 2:43 | Create | Villager (Male) |
| 3:11 | Create | Villager (Male) |
| 3:41 | Create | Villager (Male) |
| 3:41 | Create | Villager (Male) |
| 4:04 | Build | Lumber Camp |
| 4:08 | Create | Villager (Male) |
| 4:36 | Create | Villager (Male) |
| 4:36 | Create | Villager (Male) |
| 4:36 | Create | Villager (Male) |
| 4:45 | Build | House |
| 4:59 | Build | House |
| 5:04 | Create | Villager (Male) |
| 5:18 | Create | Villager (Male) |
| 5:18 | Create | Villager (Male) |
| 5:54 | Build | House |
| 5:56 | Build | House |
| 6:05 | Create | Villager (Male) |
| 6:05 | Create | Villager (Male) |
| 6:06 | Create | Villager (Male) |
| 6:43 | Build | House |
| 7:04 | Create | Villager (Male) |
| 7:04 | Create | Villager (Male) |
| 7:04 | Create | Villager (Male) |
| 7:05 | Create | Villager (Male) |
| 7:37 | Build | Mill |
| 7:58 | Create | Villager (Male) |
| 7:58 | Create | Villager (Male) |
| 9:27 | Build | Mining Camp |
| 9:36 | Research | Feudal Age |
| 10:30 | Build | Mining Camp |
| 11:09 | Build | Mill |
| 11:18 | Create | Villager (Male) |
| 11:19 | Create | Villager (Male) |
| 11:19 | Create | Villager (Male) |
| 11:46 | Age | Feudal Age |
| 12:04 | Build | Stone Wall |
| 12:14 | Build | Stone Wall |
| 12:25 | Build | Market |
| 12:29 | Build | Blacksmith |
| 12:37 | Create | Villager (Male) |
| 13:13 | Create | Villager (Male) |
| 13:57 | Create | Villager (Male) |
| 14:05 | Build | Stone Wall |
| 14:38 | Research | Castle Age |
| 15:35 | Build | Lumber Camp |
| 15:51 | Build | House |
| 15:52 | Build | House |
| 15:53 | Build | House |
| 16:03 | Create | Villager (Male) |
| 16:04 | Create | Villager (Male) |
| 16:32 | Build | House |
| 16:34 | Build | House |
| 16:41 | Research | Double-Bit Axe |
| 16:48 | Research | Horse Collar |
| 17:18 | Age | Castle Age |
| 17:25 | Build | Town Center |
| 17:32 | Create | Villager (Male) |
| 17:32 | Create | Villager (Male) |
| 17:52 | Build | House |
| 17:53 | Build | House |
| 17:59 | Create | Villager (Male) |
| 18:02 | Build | Farm |
| 18:10 | Build | Farm |
| 18:14 | Build | Farm |
| 18:16 | Build | Farm |
| 18:48 | Create | Villager (Male) ×2 |
| 18:54 | Build | Farm |
| 18:57 | Build | Farm |
| 19:05 | Build | Farm |
| 19:07 | Build | Farm |
| 19:10 | Build | Farm |
| 19:23 | Build | House |
| 19:25 | Build | House |
| 19:29 | Create | Villager (Male) |
| 19:29 | Create | Villager (Male) |
| 19:49 | Build | Farm |
| 19:53 | Build | Farm |
| 20:08 | Create | Villager (Male) ×3 |
| 20:09 | Create | Villager (Male) |
| 20:38 | Create | Villager (Male) ×2 |
| 20:47 | Build | Town Center |
| 21:02 | Create | Villager (Male) ×2 |
| 21:07 | Build | Farm |
| 21:32 | Create | Villager (Male) ×2 |
| 21:46 | Build | Castle |
| 21:53 | Create | Villager (Male) ×2 |
| 22:16 | Create | Villager (Male) ×2 |
| 22:31 | Build | Outpost |
| 22:38 | Build | Outpost |
| 22:43 | Build | Outpost |
| 22:47 | Create | Villager (Male) ×3 |
| 23:05 | Build | Town Center |
| 23:13 | Build | Farm |
| 23:17 | Build | Farm |
| 23:21 | Build | Farm |
| 23:24 | Build | Farm |
| 23:28 | Create | Villager (Male) ×3 |
| 23:32 | Build | Farm |
| 23:35 | Create | Mangudai ×5 |
| 23:35 | Create | Mangudai ×3 |
| 23:44 | Research | Nomads |
| 23:45 | Create | Mangudai ×3 |
| 23:53 | Build | Farm |
| 23:55 | Build | Farm |
| 23:57 | Build | Farm |
| 24:01 | Create | Villager (Male) ×3 |
| 24:09 | Build | House |
| 24:10 | Build | House |
| 24:11 | Build | House |
| 24:12 | Build | House |
| 24:13 | Build | House |
| 24:28 | Build | Outpost |
| 24:30 | Build | Outpost |
| 24:36 | Research | Wheelbarrow |
| 24:37 | Research | Town Watch |
| 24:51 | Create | Villager (Male) ×2 |
| 24:57 | Build | Farm |
| 25:01 | Build | Farm |
| 25:04 | Build | Farm |
| 25:11 | Create | Villager (Male) ×2 |
| 25:14 | Create | Mangudai ×5 |
| 25:34 | Create | Villager (Male) ×3 |
| 25:53 | Research | Fletching |
| 25:57 | Build | Farm |
| 26:01 | Build | Farm |
| 26:05 | Build | Farm |
| 26:08 | Build | Farm |
| 26:10 | Build | Farm |
| 26:20 | Create | Villager (Male) ×5 |
| 26:29 | Build | Mining Camp |
| 26:38 | Build | Barracks |
| 26:47 | Create | Villager (Male) ×4 |
| 26:52 | Build | Farm |
| 26:55 | Build | Farm |
| 26:58 | Build | Farm |
| 27:06 | Create | Villager (Male) ×5 |
| 27:22 | Research | Bow Saw |
| 27:41 | Create | Villager (Male) ×3 |
| 27:46 | Build | Stable |
Build order — Roa_3
First 150 of 475 actions detected
| 0:02 | Create | Villager (Male) |
| 0:03 | Create | Villager (Male) |
| 0:07 | Build | House |
| 0:08 | Build | House |
| 0:13 | Build | House |
| 0:30 | Build | Lumber Camp |
| 0:35 | Create | Villager (Male) |
| 0:35 | Create | Villager (Male) |
| 1:44 | Research | Loom |
| 1:59 | Create | Villager (Male) |
| 2:37 | Create | Villager (Male) |
| 2:38 | Create | Villager (Male) |
| 2:59 | Create | Villager (Male) |
| 3:27 | Create | Villager (Male) |
| 3:28 | Create | Villager (Male) |
| 3:42 | Create | Villager (Male) |
| 3:43 | Create | Villager (Male) |
| 4:07 | Create | Villager (Male) |
| 4:07 | Create | Villager (Male) |
| 4:51 | Create | Villager (Male) |
| 4:51 | Create | Villager (Male) |
| 4:52 | Create | Villager (Male) |
| 5:35 | Create | Villager (Male) |
| 6:12 | Create | Villager (Male) |
| 6:13 | Create | Villager (Male) |
| 6:30 | Build | House |
| 6:34 | Build | House |
| 6:53 | Create | Villager (Male) |
| 7:28 | Create | Villager (Male) |
| 7:28 | Create | Villager (Male) |
| 7:29 | Create | Villager (Male) |
| 8:13 | Create | Villager (Male) |
| 8:24 | Research | Feudal Age |
| 9:33 | Build | Mill |
| 10:30 | Build | Mining Camp |
| 10:32 | Create | Villager (Male) |
| 10:53 | Age | Feudal Age |
| 11:04 | Create | Villager (Male) |
| 11:37 | Create | Villager (Male) |
| 12:06 | Research | Castle Age |
| 12:45 | Build | House |
| 13:07 | Research | Double-Bit Axe |
| 13:10 | Research | Horse Collar |
| 14:16 | Create | Villager (Male) |
| 14:16 | Create | Villager (Male) |
| 14:48 | Age | Castle Age |
| 14:52 | Build | Town Center |
| 15:37 | Create | Villager (Male) |
| 15:37 | Create | Villager (Male) |
| 15:43 | Build | Farm |
| 15:43 | Build | Farm |
| 15:43 | Build | Farm |
| 15:44 | Build | Farm |
| 15:46 | Build | Farm |
| 15:56 | Create | Villager (Male) |
| 15:56 | Create | Villager (Male) |
| 16:18 | Create | Villager (Male) |
| 16:40 | Create | Villager (Male) |
| 16:40 | Create | Villager (Male) |
| 17:12 | Build | Town Center |
| 17:18 | Create | Villager (Male) |
| 17:19 | Create | Villager (Male) |
| 17:20 | Create | Villager (Male) |
| 17:21 | Create | Villager (Male) |
| 17:52 | Create | Villager (Male) |
| 17:53 | Create | Villager (Male) |
| 18:04 | Build | House |
| 18:05 | Build | House |
| 18:08 | Build | House |
| 18:11 | Build | House |
| 18:19 | Create | Villager (Male) |
| 18:20 | Create | Villager (Male) |
| 18:22 | Create | Villager (Male) |
| 18:23 | Create | Villager (Male) |
| 18:23 | Create | Villager (Male) |
| 18:44 | Create | Villager (Male) |
| 18:45 | Create | Villager (Male) |
| 19:06 | Build | Farm |
| 19:20 | Build | Farm |
| 19:20 | Build | Farm |
| 19:21 | Build | Farm |
| 19:21 | Build | Farm |
| 19:21 | Build | Farm |
| 19:22 | Build | Farm |
| 19:22 | Build | Farm |
| 19:22 | Build | Farm |
| 19:24 | Build | Farm |
| 19:28 | Create | Villager (Male) |
| 19:28 | Create | Villager (Male) |
| 19:36 | Create | Villager (Male) |
| 19:36 | Create | Villager (Male) |
| 19:48 | Build | House |
| 19:49 | Build | House |
| 19:53 | Build | House |
| 19:58 | Create | Villager (Male) |
| 19:58 | Create | Villager (Male) |
| 20:11 | Build | Farm |
| 20:11 | Build | Farm |
| 20:12 | Build | Farm |
| 20:12 | Build | Farm |
| 20:12 | Build | Farm |
| 20:13 | Build | Farm |
| 20:13 | Build | Farm |
| 20:14 | Build | Farm |
| 20:17 | Create | Villager (Male) |
| 20:17 | Create | Villager (Male) |
| 20:25 | Create | Villager (Male) |
| 20:26 | Create | Villager (Male) |
| 20:48 | Create | Villager (Male) |
| 20:48 | Create | Villager (Male) |
| 20:59 | Build | Farm |
| 21:02 | Create | Villager (Male) |
| 21:02 | Create | Villager (Male) |
| 21:04 | Create | Villager (Male) |
| 21:11 | Create | Villager (Male) |
| 21:11 | Create | Villager (Male) |
| 21:25 | Build | Mining Camp |
| 21:33 | Create | Villager (Male) |
| 21:33 | Create | Villager (Male) |
| 21:35 | Create | Villager (Male) |
| 21:35 | Create | Villager (Male) |
| 21:51 | Build | Farm |
| 21:51 | Build | Farm |
| 21:51 | Build | Farm |
| 21:52 | Build | Farm |
| 21:52 | Build | Farm |
| 21:52 | Build | Farm |
| 21:53 | Build | Farm |
| 21:53 | Build | Farm |
| 21:57 | Create | Villager (Male) |
| 21:58 | Create | Villager (Male) |
| 22:00 | Create | Villager (Male) |
| 22:00 | Create | Villager (Male) |
| 22:10 | Research | Heavy Plow |
| 22:10 | Research | Heavy Plow |
| 22:27 | Build | Farm |
| 22:27 | Build | Farm |
| 22:27 | Build | Farm |
| 22:27 | Build | Farm |
| 22:28 | Build | Farm |
| 22:28 | Build | Farm |
| 22:31 | Create | Villager (Male) |
| 22:37 | Research | Wheelbarrow |
| 22:37 | Research | Wheelbarrow |
| 22:43 | Create | Villager (Male) |
| 22:52 | Create | Villager (Male) |
| 22:52 | Create | Villager (Male) |
| 22:58 | Create | Villager (Male) |
| 22:58 | Create | Villager (Male) |
| 23:09 | Build | Farm |
Build order — Alt22
First 150 of 443 actions detected
| 0:04 | Build | House |
| 0:06 | Build | House |
| 0:07 | Create | Villager (Male) |
| 0:07 | Create | Villager (Male) |
| 0:08 | Create | Villager (Male) |
| 0:08 | Create | Villager (Male) |
| 0:38 | Research | Loom |
| 0:39 | Create | Villager (Male) |
| 1:04 | Create | Villager (Male) |
| 1:20 | Build | Palisade Gate |
| 1:37 | Build | House |
| 1:56 | Build | Palisade Wall |
| 2:20 | Build | Palisade Wall |
| 2:24 | Create | Villager (Male) |
| 3:12 | Create | Villager (Male) |
| 3:36 | Create | Villager (Male) |
| 3:36 | Create | Villager (Male) |
| 4:05 | Create | Villager (Male) |
| 4:22 | Build | Palisade Wall |
| 4:27 | Create | Villager (Male) |
| 5:03 | Create | Villager (Male) |
| 5:11 | Build | Mining Camp |
| 5:30 | Create | Villager (Male) |
| 5:30 | Create | Villager (Male) |
| 5:54 | Create | Villager (Male) |
| 6:19 | Create | Villager (Male) |
| 6:19 | Create | Villager (Male) |
| 6:52 | Build | House |
| 6:58 | Create | Villager (Male) |
| 7:29 | Create | Villager (Male) |
| 7:29 | Create | Villager (Male) |
| 7:29 | Create | Villager (Male) |
| 7:38 | Build | Mill |
| 7:49 | Create | Villager (Male) |
| 8:05 | Build | Lumber Camp |
| 8:23 | Build | House |
| 8:41 | Create | Villager (Male) |
| 8:41 | Create | Villager (Male) |
| 8:51 | Build | Mining Camp |
| 9:07 | Build | Mill |
| 9:24 | Build | Palisade Wall |
| 9:25 | Build | Palisade Wall |
| 9:27 | Build | Palisade Wall |
| 9:34 | Create | Villager (Male) |
| 9:34 | Create | Villager (Male) |
| 10:12 | Build | Farm |
| 10:12 | Build | Farm |
| 10:29 | Create | Villager (Male) |
| 10:29 | Create | Villager (Male) |
| 10:56 | Create | Villager (Male) |
| 10:57 | Create | Villager (Male) |
| 11:27 | Create | Villager (Male) |
| 12:44 | Build | Farm |
| 12:45 | Create | Villager (Male) |
| 12:49 | Create | Villager (Male) |
| 13:23 | Research | Feudal Age |
| 13:32 | Build | Farm |
| 13:56 | Create | Villager (Male) |
| 14:09 | Build | House |
| 14:20 | Build | House |
| 15:08 | Build | House |
| 15:12 | Create | Villager (Male) |
| 15:26 | Build | Barracks |
| 15:45 | Age | Feudal Age |
| 15:51 | Build | Blacksmith |
| 15:54 | Create | Villager (Male) |
| 16:14 | Build | Market |
| 16:18 | Create | Villager (Male) |
| 16:28 | Research | Double-Bit Axe |
| 16:29 | Research | Horse Collar |
| 17:07 | Research | Castle Age |
| 17:07 | Research | Castle Age |
| 17:37 | Build | Lumber Camp |
| 18:25 | Build | Gate |
| 18:30 | Build | Stone Wall |
| 18:37 | Build | Stone Wall |
| 18:40 | Create | Villager (Male) |
| 18:58 | Create | Villager (Male) |
| 19:10 | Create | Trade Cart |
| 19:34 | Build | Gate |
| 19:50 | Age | Castle Age |
| 19:53 | Build | Town Center |
| 20:10 | Build | Town Center |
| 20:13 | Create | Villager (Male) |
| 20:26 | Create | Villager (Male) |
| 20:28 | Research | Bow Saw |
| 20:30 | Research | Heavy Plow |
| 20:47 | Build | Stone Wall |
| 20:56 | Build | Monastery |
| 21:10 | Create | Villager (Male) |
| 21:10 | Create | Villager (Male) |
| 21:10 | Create | Villager (Male) |
| 21:11 | Create | Villager (Male) |
| 21:23 | Research | Wheelbarrow |
| 21:23 | Research | Wheelbarrow |
| 21:23 | Research | Wheelbarrow |
| 22:02 | Create | Monk |
| 22:09 | Build | Farm |
| 22:14 | Build | Farm |
| 22:14 | Build | Farm |
| 22:14 | Build | Farm |
| 22:15 | Build | Farm |
| 22:19 | Build | Farm |
| 22:22 | Create | Villager (Male) |
| 22:23 | Create | Villager (Male) |
| 22:44 | Create | Spearman |
| 22:44 | Create | Spearman |
| 23:26 | Build | Siege Workshop |
| 23:34 | Create | Villager (Male) |
| 23:34 | Create | Villager (Male) |
| 23:34 | Create | Villager (Male) |
| 23:35 | Create | Villager (Male) |
| 23:35 | Create | Villager (Male) |
| 24:04 | Build | Castle |
| 24:12 | Create | Villager (Male) |
| 24:12 | Create | Villager (Male) |
| 24:12 | Create | Villager (Male) |
| 24:15 | Build | Farm |
| 24:26 | Build | Farm |
| 24:26 | Build | Farm |
| 24:27 | Build | Farm |
| 24:27 | Build | Farm |
| 24:27 | Build | Farm |
| 24:28 | Build | Farm |
| 24:33 | Build | Farm |
| 24:33 | Build | Farm |
| 24:34 | Build | Farm |
| 24:34 | Build | Farm |
| 24:36 | Create | Villager (Male) |
| 24:36 | Create | Villager (Male) |
| 24:36 | Create | Villager (Male) |
| 25:03 | Build | Farm |
| 25:04 | Create | Villager (Male) |
| 25:05 | Create | Villager (Male) |
| 25:11 | Build | House |
| 25:12 | Build | House |
| 25:13 | Build | House |
| 25:30 | Create | Villager (Male) |
| 25:31 | Create | Villager (Male) |
| 25:31 | Create | Villager (Male) |
| 25:41 | Create | Mangonel |
| 25:45 | Build | Farm |
| 25:59 | Build | University |
| 26:01 | Create | Villager (Male) |
| 26:01 | Create | Villager (Male) |
| 26:01 | Create | Villager (Male) |
| 26:01 | Create | Villager (Male) |
| 26:06 | Build | House |
| 26:07 | Build | House |
| 26:08 | Build | House |
Build order — Thehoff386
First 150 of 385 actions detected
| 0:03 | Create | Villager (Male) ×4 |
| 0:03 | Create | Villager (Male) |
| 0:06 | Build | House |
| 0:10 | Build | House |
| 1:37 | Create | Villager (Male) |
| 1:49 | Build | Lumber Camp |
| 1:53 | Build | House |
| 1:55 | Build | House |
| 2:16 | Create | Villager (Male) |
| 2:25 | Create | Villager (Male) |
| 3:12 | Create | Villager (Male) |
| 3:14 | Create | Villager (Male) |
| 3:45 | Create | Villager (Male) |
| 3:50 | Research | Loom |
| 4:02 | Create | Villager (Male) |
| 4:25 | Build | House |
| 4:37 | Create | Villager (Male) |
| 5:39 | Create | Villager (Male) |
| 5:40 | Create | Villager (Male) |
| 5:40 | Create | Villager (Male) |
| 6:03 | Create | Villager (Male) |
| 6:30 | Create | Villager (Male) |
| 7:20 | Create | Villager (Male) |
| 7:23 | Create | Villager (Male) |
| 8:10 | Create | Villager (Male) |
| 8:10 | Create | Villager (Male) |
| 8:39 | Create | Villager (Male) |
| 9:08 | Build | Mill |
| 9:32 | Build | Mill |
| 9:42 | Create | Villager (Male) |
| 9:47 | Research | Feudal Age |
| 10:09 | Build | Mining Camp |
| 10:32 | Build | House |
| 10:36 | Create | Villager (Male) |
| 11:04 | Create | Villager (Male) |
| 11:05 | Create | Villager (Male) |
| 11:05 | Create | Villager (Male) |
| 11:25 | Build | Farm |
| 11:30 | Build | Farm |
| 11:35 | Build | Farm |
| 11:37 | Build | Farm |
| 11:39 | Build | Farm |
| 11:46 | Build | Farm |
| 11:51 | Build | Farm |
| 12:25 | Research | Horse Collar |
| 12:28 | Research | Double-Bit Axe |
| 12:30 | Create | Villager (Male) |
| 12:50 | Build | Market |
| 13:02 | Build | Market |
| 13:09 | Build | Blacksmith |
| 13:21 | Build | Farm |
| 13:30 | Build | Farm |
| 13:34 | Build | Farm |
| 13:44 | Create | Villager (Male) |
| 14:04 | Create | Villager (Male) |
| 14:30 | Build | Mining Camp |
| 14:33 | Research | Castle Age |
| 16:25 | Create | Villager (Male) |
| 16:25 | Create | Villager (Male) |
| 16:40 | Build | Farm |
| 17:39 | Create | Villager (Male) |
| 17:39 | Create | Villager (Male) |
| 17:58 | Build | Town Center |
| 18:10 | Build | Town Center |
| 18:16 | Create | Villager (Male) |
| 18:31 | Build | Town Center |
| 18:50 | Build | House |
| 18:53 | Build | House |
| 18:56 | Build | House |
| 18:58 | Build | House |
| 19:03 | Research | Bow Saw |
| 19:13 | Research | Heavy Plow |
| 19:19 | Create | Villager (Male) |
| 19:20 | Create | Villager (Male) |
| 19:23 | Create | Villager (Male) |
| 19:23 | Create | Villager (Male) |
| 19:50 | Build | Farm |
| 19:57 | Build | Farm |
| 20:00 | Create | Villager (Male) |
| 20:01 | Create | Villager (Male) |
| 20:01 | Create | Villager (Male) |
| 20:01 | Create | Villager (Male) |
| 20:01 | Create | Villager (Male) |
| 20:15 | Build | Farm |
| 20:17 | Build | Farm |
| 20:22 | Build | Farm |
| 20:23 | Build | Farm |
| 20:23 | Build | Farm |
| 20:30 | Create | Villager (Male) |
| 20:30 | Create | Villager (Male) |
| 20:30 | Create | Villager (Male) |
| 20:30 | Create | Villager (Male) |
| 20:31 | Create | Villager (Male) |
| 20:49 | Create | Villager (Male) |
| 20:49 | Create | Villager (Male) |
| 20:51 | Research | Wheelbarrow |
| 21:01 | Build | Farm |
| 21:10 | Create | Villager (Male) |
| 21:10 | Create | Villager (Male) |
| 21:23 | Build | Farm |
| 21:25 | Build | Farm |
| 21:26 | Build | Farm |
| 21:27 | Build | Farm |
| 21:28 | Build | Farm |
| 21:36 | Create | Villager (Male) |
| 21:36 | Create | Villager (Male) |
| 21:51 | Build | Mill |
| 21:54 | Build | Farm |
| 21:57 | Create | Villager (Male) |
| 21:58 | Create | Villager (Male) |
| 21:58 | Create | Villager (Male) |
| 22:10 | Build | Farm |
| 22:13 | Build | Farm |
| 22:14 | Build | Farm |
| 22:18 | Create | Villager (Male) |
| 22:18 | Create | Villager (Male) |
| 22:19 | Create | Villager (Male) |
| 22:26 | Build | House |
| 22:31 | Build | House |
| 22:34 | Build | House |
| 22:37 | Build | House |
| 22:40 | Create | Villager (Male) |
| 22:40 | Create | Villager (Male) |
| 22:40 | Create | Villager (Male) |
| 23:02 | Build | Barracks |
| 23:12 | Create | Villager (Male) |
| 23:12 | Create | Villager (Male) |
| 23:12 | Create | Villager (Male) |
| 23:12 | Create | Villager (Male) |
| 23:24 | Create | Villager (Male) |
| 23:24 | Create | Villager (Male) |
| 23:30 | Build | Farm |
| 23:35 | Build | Farm |
| 23:44 | Create | Villager (Male) |
| 23:45 | Create | Villager (Male) |
| 23:45 | Create | Villager (Male) |
| 23:51 | Create | Villager (Male) |
| 23:52 | Create | Villager (Male) |
| 23:58 | Build | House |
| 24:02 | Build | House |
| 24:21 | Create | Villager (Male) |
| 24:21 | Create | Villager (Male) |
| 24:21 | Create | Villager (Male) |
| 24:21 | Create | Villager (Male) |
| 24:36 | Build | Farm |
| 24:37 | Build | Farm |
| 24:38 | Build | Farm |
| 24:39 | Build | Farm |
| 24:40 | Build | Farm |
| 24:41 | Build | Farm |
Match timeline
| 0:31 | ELDIOSCHICHOLIN · wall_segment Palisade Wall x20 |
| 0:48 | SPQR_Dino · wall_segment Palisade Wall x10 |
| 1:01 | SPQR_Dino · wall_segment Palisade Wall x9 |
| 1:56 | Alt22 · wall_segment Palisade Wall x5 |
| 1:59 | ELDIOSCHICHOLIN · wall_segment Palisade Wall x5 |
| 2:13 | ELDIOSCHICHOLIN · wall_segment Palisade Wall x7 |
| 2:20 | Alt22 · wall_segment Palisade Wall x3 |
| 2:21 | ELDIOSCHICHOLIN · wall_segment Palisade Wall x5 |
| 2:35 | SPQR_Dino · wall_segment Palisade Wall x6 |
| 4:22 | Alt22 · wall_segment Palisade Wall x2 |
| 6:37 | MonkFranciscus · wall_segment Palisade Wall x1 |
| 9:24 | Alt22 · wall_segment Palisade Wall x1 |
| 9:25 | Alt22 · wall_segment Palisade Wall x1 |
| 9:27 | Alt22 · wall_segment Palisade Wall x1 |
| 9:54 | Hans Landa · wall_segment Palisade Wall x1 |
| 10:32 | Hans Landa · age_up feudal |
| 10:53 | Roa_3 · age_up feudal |
| 11:46 | SPQR_Dino · age_up feudal |
| 11:58 | ELDIOSCHICHOLIN · first_building Barracks |
| 12:04 | SPQR_Dino · wall_segment Stone Wall x7 |
| 12:08 | ELDIOSCHICHOLIN · age_up feudal |
| 12:14 | SPQR_Dino · wall_segment Stone Wall x8 |
| 12:25 | ELDIOSCHICHOLIN · wall_segment Stone Wall x1 |
| 13:12 | SPQR_Jack · age_up feudal |
| 13:36 | ELDIOSCHICHOLIN · wall_segment Stone Wall x9 |
| 13:43 | ELDIOSCHICHOLIN · wall_segment Stone Wall x8 |
| 14:05 | SPQR_Dino · wall_segment Stone Wall x13 |
| 14:10 | MonkFranciscus · age_up feudal |
| 14:48 | Roa_3 · age_up castle |
| 15:12 | MonkFranciscus · first_market_sell 100 food |
| 15:18 | Hans Landa · age_up castle |
| 15:26 | Alt22 · first_building Barracks |
| 15:34 | Hans Landa · first_building Monastery |
| 15:45 | Alt22 · age_up feudal |
| 17:00 | SPQR_Jack · age_up castle |
| 17:05 | SPQR_Jack · first_building Siege Workshop |
| 17:18 | SPQR_Dino · age_up castle |
| 17:53 | MonkFranciscus · age_up castle |
| 18:14 | ELDIOSCHICHOLIN · age_up castle |
| 18:20 | Thehoff386 · first_market_sell 100 food |
| 18:22 | Thehoff386 · first_market_buy 100 wood |
| 18:30 | Alt22 · wall_segment Stone Wall x2 |
| 18:37 | Alt22 · wall_segment Stone Wall x5 |
| 19:50 | Alt22 · age_up castle |
| 20:20 | ELDIOSCHICHOLIN · first_building Siege Workshop |
| 20:47 | Alt22 · wall_segment Stone Wall x11 |
| 20:56 | Alt22 · first_building Monastery |
| 21:44 | Hans Landa · first_building Castle |
| 21:46 | SPQR_Dino · first_building Castle |
| 22:01 | SPQR_Jack · first_building Barracks |
| 22:01 | MonkFranciscus · first_building Barracks |
| 23:02 | Thehoff386 · first_building Barracks |
| 23:26 | Alt22 · first_building Siege Workshop |
| 23:33 | ELDIOSCHICHOLIN · first_building Castle |
| 23:40 | Roa_3 · first_building Siege Workshop |
| 23:59 | SPQR_Jack · first_market_buy 100 wood |
| 24:04 | SPQR_Jack · first_building Monastery |
| 24:04 | Alt22 · first_building Castle |
| 24:06 | MonkFranciscus · first_building Archery Range |
| 24:53 | Hans Landa · first_building Barracks |
| 25:03 | Thehoff386 · first_building Castle |
| 25:43 | Hans Landa · first_building Stable |
| 26:38 | SPQR_Dino · first_building Barracks |
| 27:28 | Roa_3 · first_building Stable |
| 27:36 | SPQR_Jack · first_building Castle |
| 27:46 | SPQR_Dino · first_building Stable |
| 27:48 | SPQR_Dino · first_building Archery Range |
| 28:02 | Thehoff386 · first_building Siege Workshop |
| 28:15 | Roa_3 · first_market_buy 100 stone |
| 28:16 | Roa_3 · age_up imperial |
| 28:26 | Roa_3 · first_building Castle |
| 28:45 | Roa_3 · first_market_sell 100 food |
| 28:56 | Alt22 · first_market_sell 100 wood |
| 28:59 | Alt22 · first_market_buy 100 food |
| 29:34 | SPQR_Jack · first_market_sell 100 food |
| 29:41 | Thehoff386 · first_building Archery Range |
| 29:56 | SPQR_Dino · wall_segment Stone Wall x31 |
| 29:59 | MonkFranciscus · first_building Monastery |
| 30:39 | MonkFranciscus · first_building Stable |
| 31:10 | MonkFranciscus · first_building Castle |
| 31:42 | ELDIOSCHICHOLIN · first_market_buy 100 food |
| 31:58 | Hans Landa · age_up imperial |
| 32:15 | Alt22 · age_up imperial |
| 32:38 | Alt22 · first_building Stable |
| 33:02 | SPQR_Jack · age_up imperial |
| 33:49 | SPQR_Dino · age_up imperial |
| 33:54 | Hans Landa · first_building Siege Workshop |
| 34:54 | ELDIOSCHICHOLIN · age_up imperial |
| 34:54 | MonkFranciscus · age_up imperial |
| 35:21 | SPQR_Dino · first_market_sell 500 food |
| 35:36 | SPQR_Dino · first_building Siege Workshop |
| 35:52 | Roa_3 · first_building Barracks |
| 36:14 | ELDIOSCHICHOLIN · wall_segment Stone Wall x5 |
| 36:24 | ELDIOSCHICHOLIN · wall_segment Stone Wall x9 |
| 39:24 | ELDIOSCHICHOLIN · first_building Archery Range |
| 43:36 | ELDIOSCHICHOLIN · wall_segment Stone Wall x18 |
| 43:38 | Hans Landa · first_building Archery Range |
| 43:57 | Hans Landa · first_market_buy 100 stone |
| 46:37 | Hans Landa · resign |
[ AI ANALYSIS · 1 CREDIT ]
What really happened in this match?
Wolo.gg analyzes every decision: build order, eco, micro, common mistakes by bracket. Personalized analysis on WhatsApp or Discord in 30 seconds.
Civ guide
Japanese
Perfil
Jugador #4553232